 Dungeon Crawl Stone Soup version 0.31-a0-1300-gb6740aa4e6 (webtiles) character file.

Game seed: 11311926529171199168

61 IdlyInterested the Trooper (level 3, -4/29 HPs)
             Began as a Demonspawn Fighter on Dec 18, 2023.
             Slain by a gnoll
             ... wielding a +0 whip of electrocution
              (12 damage)
             ... on level 2 of the Dungeon.
             The game lasted 00:03:26 (707 turns).

IdlyInterested the Trooper (Demonspawn Fighter)      Turns: 707, Time: 00:03:26

Health: -4/29      AC: 12    Str: 16    XL:     3   Next: 83%
Magic:  3/3        EV: 10    Int:  8    God:
Gold:   3          SH:  4    Dex: 14    Spells: 2/2 levels left

rFire   . . .        a - +0 long sword
rCold   . . .        c - +0 buckler
rNeg    . . .        b - +0 scale mail
rPois   .            (no helmet)
rElec   .            (no cloak)
rCorr   .            e - +0 pair of gloves
SInv    +            n - +2 pair of boots
Will    .....        (no amulet) Stlth
                     m - ring of see invisible
HPRegen 0.24/turn    (no ring)
MPRegen 0.08/turn

%: no passive effects
@: no status effects
A: rugged brown scales 1
a: no special abilities


You were on level 2 of the Dungeon.
You visited 1 branch of the dungeon, and saw 2 of its levels.

You collected 52 gold pieces.
You spent 49 gold pieces at shops.

Inventory:

Hand Weapons
 a - a +0 long sword (weapon)
 h - a +0 dagger
Missiles
 g - a poisoned dart (quivered)
 k - 6 boomerangs
Armour
 b - a +0 scale mail (worn)
 c - a +0 buckler (worn)
 e - a +0 pair of gloves (worn)
 n - a +2 pair of boots (worn)
Jewellery
 m - a ring of see invisible (left hand)
Wands
 r - a wand of charming (11)
Scrolls
 i - a scroll of fog {unknown}
 l - 3 scrolls of teleportation {unknown}
 o - a scroll of identify {unknown}
 q - a scroll of blinking {unknown}
 s - a scroll of revelation {unknown}
Potions
 d - a potion of might
 f - a potion of brilliance {unknown}
 j - a potion of cancellation {unknown}
 p - a potion of curing {unknown}


   Skills:
 - Level 3.0 Fighting
 - Level 1.7 Long Blades
 + Level 0.0 Throwing
 - Level 3.0 Armour
 - Level 3.0 Dodging
 - Level 2.6 Shields


You had 2 spell levels left.
You didn't know any spells.
Your spell library contained the following spells:

 Spells                   Type           Power      Damage    Failure   Level
 Scorch                   Fire           0%         2d5       97%         2
 Flame Wave               Conj/Fire      0%         2d4       100%        4
 Summon Cactus Giant      Summ           0%         N/A       100%        6


Dungeon Overview and Level Annotations

Branches:
Dungeon (2/15)

Altars:

Shops:
D:1 *


Innate Abilities, Weirdness & Mutations

You are partially covered in rugged brown scales. (AC +1, +3% HP)


Message History

The hobgoblin completely misses you.
You hit the hobgoblin.
The hobgoblin is moderately wounded.
The hobgoblin closely misses you.
You barely miss the hobgoblin.
The hobgoblin is moderately wounded.
The hobgoblin hits you.
You hit the hobgoblin.
The hobgoblin is heavily wounded.
You block the hobgoblin's attack. x2
A gnoll comes into view.
It is wielding a +0 whip of electrocution.
The gnoll shouts!
You hit the hobgoblin.
You kill the hobgoblin!
You hear a shout! x2
Training target 3.0 for Dodging reached!
Your Dodging skill increases to level 3!
You need to enable at least one skill for training.
Throw: 2 darts (poison)
Press: ? - help, Q - select action, (/) - cycle Shift-Dir - straight line, f - gnoll
Aim: a gnoll, wielding a +0 whip of electrocution (60% to hit)
You throw a poisoned dart.
The poisoned dart barely misses the gnoll.
A gnoll comes into view. It is wielding a +0 spear.
You hit the gnoll.
The gnoll is lightly wounded.
You block the gnoll's attack.
You slash the gnoll!
The gnoll is severely wounded.
The gnoll hits you but does no damage.
The gnoll hits you with a +0 whip of electrocution.
You are electrocuted!
Ouch! That really hurt!
* * * LOW HITPOINT WARNING * * *
The gnoll hits you but does no damage. The gnoll barely misses you.
You hit the gnoll but do no damage.
The gnoll is severely wounded.
The gnoll closely misses you. The gnoll hits you but does no damage.
You are electrocuted!
You die...

...... #.#.# ##
..$. #. .###...
.. .#... #.
g..#
#..#####g.#
#>.#...#@.##.##
#.#.#........>.
#.#.#........##
#.#.########.#
#.#.# .. #.#.##
# #.#..# # ##.#
#.# #


You could see 2 gnolls.

Vanquished Creatures
  An orc wizard (D:2)
  A dart slug (D:1)
  2 orcs (D:2)
  4 bats
  3 endoplasms
  2 giant cockroaches (D:1)
  A goblin (D:1)
  4 hobgoblins
  A quokka (D:1)
  7 ball pythons (D:1)
  A frilled lizard (D:1)
  2 kobolds
  3 rats
32 creatures vanquished.

Notes
Turn   | Place    | Note
-------+----------+-------------------------------------------
     0 | D:1      | IdlyInterested the Demonspawn Fighter began the quest for
                  | the Orb.
     0 | D:1      | Reached XP level 1. HP: 18/18 MP: 1/1
    48 | D:1      | Reached skill level 1 in Dodging
    48 | D:1      | Gained mutation: You are partially covered in rugged brown
                  | scales. (AC +1, +3% HP) [demonic ancestry]
    48 | D:1      | Reached XP level 2. HP: 18/24 MP: 2/2
   206 | D:1      | Found Utsaim's Assorted Antiques.
   523 | D:1      | Bought a pink potion for 15 gold pieces
   523 | D:1      | Bought a scroll labelled VACSUF SOSUHADD for 17 gold pieces
   617 | D:1      | Bought a scroll labelled AQOTWA UFIUV for 17 gold pieces
   631 | D:2      | Reached XP level 3. HP: 28/29 MP: 3/3
   707 | D:2      | Slain by a gnoll

Illustrated notes

Levels and vault maps discovered:
D:1:      onia_arrival_handbag, layout_rooms, serial_shops, shop
D:2:      layout_loops_ring, serial_co_window_serial, co_window_paths_a,
          co_window_corner_a, co_window_paths_b, co_window_paths_b,
          co_window_paths_b, co_window_of_opportunity_b, co_window_broadway_c,
          co_window_corner_ca, co_window_corner_b, co_window_paths_d,
          glass_columns_b, glass_columns_b, glass_columns_a, glass_columns_b,
          uniq_terence

Skill      XL: |  1  2  3 |
---------------+----------+-----
Armour         | 3 |  3.0
Dodging        | 1 2 3 |  3.0
Fighting       | |  3.0
Long Blades    | |  1.7
Shields        | |  2.6

Action                     || total
---------------------------++-------
  Melee: Long sword        ||   114
  Throw: Dart              ||     1
 Armour: Scale mail        ||    97
  Dodge: Dodged            ||    56
  Block: Buckler           ||    29

Table legend: (Time is in decaauts)
 A = Elapsed time spent in this place.
 B = Non-inter-level travel time spent in this place.
 C = Inter-level travel time spent in this place.
 D = Time resting spent in this place.
 E = Time spent auto-exploring this place.
 F = Levels seen in this place.
 G = Mean time per level.
                   A        B        C        D        E       F      G
               +--------+--------+--------+--------+--------+-----+--------+
         Total |    747 |    700 |     47 |     23 |    351 |   2 |  373.5 |
       Dungeon |    747 |    700 |     47 |     23 |    351 |   2 |  373.5 |
               +--------+--------+--------+--------+--------+-----+--------+

Top non-repeatable levels by time:
     D:1: 586 daAuts
     D:2: 160 daAuts
